 Adventure DCSS version bcrawl-1.21.2-20-g6d45ba5942 (webtiles) character file.

Game seed: 14406906813986068560

989 galech the Chopper (level 7, 54/56 HPs)
             Began as a Demonspawn Fighter on Feb 25, 2020.
             Quit the game on level 6 of the Dungeon.
             The game lasted 00:06:29 (6354 turns).

galech the Chopper (Demonspawn Fighter)             Turns: 6354, Time: 00:06:30

Health: 54/56      AC:  7    Str: 16    XL:     7   Next: 98%
Magic:  7/7        EV: 11    Int: 11    God:
Gold:   462        SH: 10    Dex: 16    Spells: 6/6 levels left
                                        Lives:  1   Deaths: 1

rFire    . . .     SeeInvis .   a - +0 war axe
rCold    . . .     Gourm    .   c - +0 medium shield
rNeg     . . .     Faith    .   b - +0 scale mail
rPois    .         Spirit   .   (helmet restricted)
rElec    .         Reflect  .   (no cloak)
rCorr    .         Harm     .   (no gloves)
MR       .....                  (no boots)
Stlth    +.........             (no amulet)
HPRegen  0.18/turn              (no ring)
MPRegen  0.10/turn              (no ring)

@: no status effects
A: claws 1, horns 1, clever 1, powered by pain 1, spiny 1, sturdy frame 2
a: no special abilities


You were on level 6 of the Dungeon.
You were not hungry.

You visited 1 branch of the dungeon, and saw 6 of its levels.
You also visited: Ossuary.

You collected 462 gold pieces.

Inventory:

Hand Weapons
 a - a +0 war axe (weapon)
Armour
 b - a +0 scale mail (worn)
 c - a +0 medium shield (worn)
Jewellery
 k - a cursed ring of insulation {unknown}
Wands
 q - a wand of iceblast (4)
Scrolls
 d - 2 scrolls of immolation
 f - 2 scrolls of magic mapping
 h - 4 scrolls of enchant armour {unknown}
 i - 3 scrolls of identify
 j - 4 scrolls of remove curse
 l - 2 scrolls of fear {unknown}
 m - a scroll of amnesia {unknown}
 n - 7 scrolls of teleportation {unknown}
 s - a scroll of fog {unknown}
 v - a scroll of enchant weapon {unknown}
Potions
 g - a potion of mutation
 o - 4 potions of ambrosia {unknown}
 p - a potion of magic
 r - 6 potions of might
 t - 3 potions of curing
 u - a potion of flight {unknown}
 w - a potion of resistance {unknown}
 x - 2 potions of agility {unknown}
Comestibles
 e - 6 rations {!d}
 z - 8 chunks of flesh


   Skills:
 + Level 5.1 Fighting
 + Level 6.5 Axes
 + Level 5.2 Armour
 + Level 3.4 Dodging
 + Level 0.5 Stealth
 + Level 4.9 Shields


You had 6 spell levels left.
You didn't know any spells.
Your spell library was empty.

Dungeon Overview and Level Annotations

Branches:
Dungeon (6/12)
 Temple: D:4-7

Altars:
Dithmenos
Fedhas
Lugonu
Qazlal
Sif Muna
Trog
Vehumet

Annotations:
D:3 1 runed translucent door, dscm's ghost, amateur OpAc
D:4 Dowan; Duvessa


Innate Abilities, Weirdness & Mutations

You have sharp fingernails.
You sometimes gain a little power by taking damage.
You are partially covered in sharp spines.
Your movements are less encumbered by armour. (ER -4)
You have a pair of small horns on your head.
Your mind is acute. (Int +2)


Message History

You kill the iguana!
No target in view!
No target in view!
No target in view!
No target in view!
No target in view!
No target in view!
No target in view!
No target in view!
No target in view!
No target in view!
No target in view!
No target in view!
No target in view!
You see here an iguana corpse.
You butcher the iguana corpse.
z - 8 chunks of flesh (gained 2)
You see here an iguana skeleton.
Found a stone staircase leading up.
Are you sure you want to abandon this character and quit the game? (Confirm with "yes".)

#..###.###.# #.
###.###.#
#..#.....#.##
###..#.#.#.......
#....^.......####
..#.##.#.#.### #
#รท....# ###.###
#@# ...<....#
#.#.#####


There were no monsters in sight!

Vanquished Creatures
  2 black bears
  An ogre (D:2)
  2 centaurs (D:6)
  A bullfrog (D:6)
  2 big kobolds (D:3)
  2 water moccasin zombies (Ossuary)
  A scorpion (D:4)
  2 crimson imps (D:5)
  2 centaur zombies (Ossuary)
  5 bullfrog zombies (Ossuary)
  A hound (D:4)
  An orc priest (D:4)
  A jelly (D:5)
  An orc wizard (D:4)
  An iguana (D:6)
  11 mummies (Ossuary)
  2 worker ants (D:5)
  3 killer bee zombies (Ossuary)
  A hound zombie (Ossuary)
  4 worker ant zombies (Ossuary)
  A howler monkey zombie (Ossuary)
  5 adders
  4 adder zombies (Ossuary)
  3 dart slugs
  2 leopard geckos
  10 orcs
  A ball python (D:5)
  A giant cockroach (D:2)
  2 goblins
  5 hobgoblins
  3 quokkas
  4 bats
  2 frilled lizards
  2 jackal skeletons
  11 kobolds
  A leopard gecko zombie (Ossuary)
  4 rats
107 creatures vanquished.

Vanquished Creatures (others)
  2 withered plants (Ossuary)
2 creatures vanquished.

Grand Total: 109 creatures vanquished

Notes
Turn   | Place    | Note
-------+----------+-------------------------------------------
     0 | D:1      | galech the Demonspawn Fighter began the quest for the Orb.
     0 | D:1      | Reached XP level 1. HP: 18/18 MP: 1/1
   812 | D:1      | Gained mutation: You are partially covered in sharp spines.
                  | [demonic ancestry]
   812 | D:1      | Reached XP level 2. HP: 20/24 MP: 2/2
  1204 | D:2      | Noticed an ogre
  1212 | D:2      | Killed an ogre
  1212 | D:2      | Reached skill level 2 in Axes
  1212 | D:2      | Gained mutation: Your movements are slightly less
                  | encumbered by armour. (ER -2) [demonic ancestry]
  1212 | D:2      | Reached XP level 3. HP: 2/29 MP: 3/3
  1212 | D:2      | Reached XP level 4. HP: 3/35 MP: 4/4
  1785 | D:2      | Found a blossoming altar of Fedhas.
  1786 | D:2      | Found a shadowy altar of Dithmenos.
  1787 | D:2      | Found a shimmering blue altar of Sif Muna.
  1787 | D:2      | Found a corrupted altar of Lugonu.
  1787 | D:2      | Found a radiant altar of Vehumet.
  2503 | D:3      | Reached XP level 5. HP: 41/41 MP: 5/5
  2606 | D:3      | Found a runed translucent door.
  2608 | D:3      | Noticed dscm's ghost (amateur OpAc)
  2737 | D:3      | Found a bloodstained altar of Trog.
  2814 | D:3      | Found a stormy altar of Qazlal.
  2931 | D:3      | Reached skill level 3 in Axes
  2931 | D:3      | Reached skill level 1 in Dodging
  2940 | D:3      | Gained mutation: You have sharp fingernails. [demonic
                  | ancestry]
  2940 | D:3      | Reached XP level 6. HP: 15/48 MP: 6/6
  3874 | D:4      | Gained mutation: Your mind is acute. (Int +2) [potion of
                  | mutation]
  3874 | D:4      | Gained mutation: You have a pair of small horns on your
                  | head. [potion of mutation]
  4046 | D:4      | Found a blossoming altar of Fedhas.
  4109 | D:4      | Noticed Duvessa
  4109 | D:4      | Noticed Dowan
  4183 | D:5      | Entered Level 5 of the Dungeon
  4219 | D:5      | Found a sand-covered staircase.
  4232 | Ossuary  | Entered an ossuary
  4356 | Ossuary  | Gained mutation: Your movements are less encumbered by
                  | armour. (ER -4) [demonic ancestry]
  4356 | Ossuary  | Reached XP level 7. HP: 44/54 MP: 7/7
  4499 | Ossuary  | Reached skill level 4 in Axes
  4806 | Ossuary  | Gained mutation: You sometimes gain a little power by
                  | taking damage. [demonic ancestry]
  4806 | Ossuary  | Reached XP level 8. HP: 25/61 MP: 8/8
  5088 | Ossuary  | Reached skill level 5 in Axes
  6147 | D:6      | Reached skill level 5 in Fighting
  6147 | D:6      | Reached skill level 6 in Axes
  6147 | D:6      | Reached skill level 5 in Armour
  6178 | D:6      | Slain by an ogre
  6179 | D:6      | Reached XP level 7. HP: -4/56 MP: 7/7
  6354 | D:6      | Quit the game

Skill      XL: |  1  2  3  4  5  6  7  8 |
---------------+-------------------------+-----
Axes           | 2 3 4 6 |  6.5
Armour         | 3 4 5 |  5.2
Shields        | 3 4 |  4.9
Dodging        | 1 2 3 |  3.4
Fighting       | 4 5 |  5.1
Stealth        | |  0.5

Action                   |  1- 3 |  4- 6 |  7- 9 || total
-------------------------+-------+-------+-------++-------
Melee: War axe           |    43 |   139 |   181 ||   363
       Headbutt          |       |     5 |    41 ||    46
  Use: Potion            |     1 |     3 |       ||     4
       Scroll            |       |     5 |       ||     5
 Stab: Sleeping          |       |       |     1 ||     1
  Eat: Chunk             |       |     7 |     3 ||    10
       Ration            |       |     1 |     1 ||     2
Armor: Scale mail        |    23 |    35 |    35 ||    93
Dodge: Dodged            |     7 |    41 |    69 ||   117
Block: Medium shield     |    23 |    86 |    82 ||   191
